cohdb
Replays
Latest Replays
All Replays
Popular Replays
Top Player Replays
Match Explorer
How It Works
Community
CoH3 Stats
Reddit
Sign in to upload your games and track your stats! →
Sign in with Steam
Match 39252937
Unlisted
Match 39252937
Overview
Messages
Build Orders
End
Royal Engineer Section
Construct Section Command Post
Selects Air and Sea Battlegroup
Infantry Section
Vickers Machine Gun Team
Grenade Package
Infantry Section
Construct Platoon Command Post
Selects Commando Section Paradrop
Humber Armored Car
Commando Section Paradrop
Selects M1 Pack Howitzer Paradrop
Construct Company Command Post
Vickers Machine Gun Team
Crusader II Medium Tank
Unlock M3 Grant Medium Tanks
Selects Incendiary Bombing Run
M3 Grant Medium Tank
Incendiary Bombing Run
M3 Grant Medium Tank
matjouz
Sarmynation
PnutSCrosant
用冈本算不算穿和服
0
0
Comments
sign in to comment!
No comments posted yet!